 Dungeon Crawl Stone Soup version 0.31.0-4-g52a2dc7128 (webtiles) character file.

Game seed: 767701090204810888

1758933 yetimobile the Ninja (level 27, 181/200 (205) HPs)
             Began as a Kobold Berserker on Jan 20, 2024.
             Was a High Priest of Trog.
             Escaped with the Orb
             ... and 3 runes on Jan 22, 2024!
             The game lasted 05:03:42 (58905 turns).

yetimobile the Ninja (Kobold Berserker)            Turns: 58905, Time: 05:03:43

HP:   181/200 (205) AC: 29    Str: 17      XL:     27
MP:   20/20         EV: 43    Int:  7 (9)  God:    Trog [*****.]
Gold: 2928          SH: 12    Dex: 32 (33) Spells: 26/26 levels left

rFire   + + .        a - +12 quick blade of Soalioqi {flame, Str+2 Dex+3}
rCold   + + .        l - +3 buckler {rC+}
rNeg    + . .        m - melded +8 faerie dragon scales {rC+ rCorr Dex+2}
rPois   inf          e - -1 hat of Ennui {+Inv Dex+5}
rElec   +            M - +2 cloak {Stlth+}
rCorr   +            g - melded +2 pair of gloves
SInv    .            K - melded +2 pair of boots {Stlth+}
Will    +....        I - amulet "Hystit" {Acrobat Rampage +Inv rC++ Int-4}
Stlth   ++++         E - ring of Hes Jise {Fly rF+ rCorr}
HPRegen 0.53/turn    F - ring "Galiarphe" {Fire rPois Int+4}
MPRegen 0.17/turn

%: acrobat, clarity, rampage
@: statue-form, weak-willed, attractive, flying, lightly drained, very slow
A: slow and powerful, torment resistance 1, boosted hp, small, no large weapons,
nightstalker 3, hooves 1, clarity, deterioration 2, frail 1, low MP 1, poison
resistance, weak 1
0: Orb of Zot
}: 3/15 runes: barnacled, silver, gossamer
a: Begin Untransformation, Renounce Religion, Evoke Invisibility, Berserk,
Trog's Hand, Brothers in Arms


You escaped.
You worshipped Trog.
Trog was extremely pleased with you.
You were a living statue of rough stone.
You visited 10 branches of the dungeon, and saw 48 of its levels.
You also visited: Ice Cave.

You collected 6842 gold pieces.
You spent 3914 gold pieces at shops.

Inventory:

Hand Weapons
 a - the +12 quick blade of Soalioqi (weapon) {flame, Str+2 Dex+3}
   (Trog gifted it to you on level 1 of the Vaults)

   Str+2:     It affects your strength (+2).
   Dex+3:     It affects your dexterity (+3).
 b - a +3 antimagic rapier
 L - the +9 short sword of the Spines {heavy, *Corrode rN+ Stlth+}
   (Trog gifted it to you on level 3 of the Shoals)

   rN+:       It protects you from negative energy.
   *Corrode:  It may corrode you when you take damage.
   Stlth+:    It makes you more stealthy.
 Y - the +7 sceptre of Torment {pain, torment}
   (You took it off an ironbound preserver on level 5 of the Vaults)
Missiles
 q - 3 throwing nets
 r - 53 boomerangs (quivered)
Armour
 e - the -1 hat of Ennui (worn) {+Inv Dex+5}
   (You acquired it on level 14 of the Dungeon)

   Dex+5:     It affects your dexterity (+5).
   +Inv:      It lets you turn invisible.
 g - a +2 pair of gloves (melded)
 l - a +3 buckler of cold resistance (worn)
 m - the +8 faerie dragon scales (melded) {rC+ rCorr Dex+2}
   (You took it off the Enchantress on level 2 of the Depths)

   Dex+2:     It affects your dexterity (+2).
   rC+:       It protects you from cold.
   rCorr:     It protects you from acid and corrosion.
 K - a +2 pair of boots of stealth (melded)
 M - a +2 cloak of stealth (worn)
Jewellery
 v - the ring of Miracles {Fly rElec Dex+3 SInv Stlth+}
   (You bought it in a shop on level 1 of the Vaults)

   [ring of flight]

   Dex+3:     It affects your dexterity (+3).
   rElec:     It insulates you from electricity.
   SInv:      It lets you see invisible.
   Fly:       It grants you flight.
   Stlth+:    It makes you more stealthy.
 D - a +6 ring of dexterity
 E - the ring of Hes Jise (left fist) {Fly rF+ rCorr}
   (You found it on level 3 of the Depths)

   [ring of flight]

   rF+:       It protects you from fire.
   Fly:       It grants you flight.
   rCorr:     It protects you from acid and corrosion.
 F - the ring "Galiarphe" (right fist) {Fire rPois Int+4}
   (You found it on level 2 of the Depths)

   [ring of fire]

   Fire:      It enhances your fire magic.
   Int+4:     It affects your intelligence (+4).
   rF+:       It protects you from fire.
   rC-:       It makes you vulnerable to cold.
   rPois:     It protects you from poison
 I - the amulet "Hystit" (around neck) {Acrobat Rampage +Inv rC++ Int-4}
   (You found it on level 5 of the Vaults)

   [amulet of the acrobat]

   Acrobat:   It increases your evasion while moving and waiting.
   Int-4:     It affects your intelligence (-4).
   rC++:      It greatly protects you from cold.
   +Inv:      It lets you turn invisible.
   Rampage:   It bestows one free step when moving towards enemies.
 N - a ring of positive energy
 W - a ring of willpower
Talismans
 w - a granite talisman (active)
Wands
 o - a wand of polymorph (27)
 s - a wand of paralysis (20)
 x - a wand of flame (41)
 G - a wand of acid (34)
 H - a wand of roots (63)
 S - a wand of digging (4)
Scrolls
 h - 16 scrolls of teleportation
 i - 12 scrolls of vulnerability {!r}
 j - 12 scrolls of immolation {!r}
 k - 4 scrolls of blinking
 p - 8 scrolls of poison {!r}
 B - 5 scrolls of silence
 C - 7 scrolls of fog
 U - 7 scrolls of fear
 X - 6 scrolls of summoning
Potions
 d - 3 potions of resistance
 n - 8 potions of attraction {!q}
 t - 7 potions of might
 u - 22 potions of curing
 y - 5 potions of lignification {!q}
 z - 2 potions of haste
 A - 3 potions of heal wounds
 J - 3 potions of ambrosia
 O - 2 potions of invisibility
 P - 6 potions of enlightenment
 T - 5 potions of berserk rage
 Z - a potion of cancellation
Miscellaneous
 c - a lightning rod (4/4)
 f - a phial of floods (inert)
 Q - a phantom mirror (inert)
 R - a sack of spiders (inert)


   Skills:
 + Level 18.8 Fighting
 - Level 25.0 Short Blades
 - Level 10.4 Ranged Weapons
 - Level 11.0 Throwing
 - Level 6.9 Armour
 - Level 21.6 Dodging
 O Level 27 Stealth
 - Level 10.4 Shields
 - Level 19.0 Evocations
 - Level 16.0 Shapeshifting


You had 26 spell levels left.
You didn't know any spells.
Your spell library contained the following spells:

 Spells                   Type           Power      Damage    Failure   Level
 Summon Ice Beast         Ice/Summ       0%         N/A       86%         3
 Swiftness                Air            0%         N/A       86%         3
 Vhi's Electric Charge    Tloc/Air       0%         N/A       99%         4
 Summon Mana Viper        Hex/Summ       0%         N/A       100%        5
 Sculpt Simulacrum        Ice/Alch       0%         N/A       100%        6
 Monstrous Menagerie      Summ           0%         N/A       100%        7
 Ozocubu's Refrigeration  Ice            0%         4d7       100%        7
 Polar Vortex             Ice            0%         N/A       100%        9


Dungeon Overview and Level Annotations

Branches:
Dungeon (15/15)            Temple (1/1) D:7            Lair (5/5) D:8
 Shoals (4/4) Lair:3       Spider (4/4) Lair:2        Slime (0/5) Lair:4
    Orc (2/2) D:11            Elf (3/3) Orc:2        Vaults (5/5) D:13
  Crypt (0/3) Vaults:3     Depths (4/4) D:15            Zot (5/5) Depths:4
  IceCv (visited)

Altars:
Ashenzari
Cheibriados
Dithmenos
Elyvilon
Fedhas
Gozag
Hepliaklqana
Kikubaaqudgha
Makhleb
Nemelex Xobeh
Okawaru
Qazlal
Ru
Sif Muna
Trog
Uskayaw
Vehumet
Wu Jian
Xom
Yredelemnul
Zin
The Shining One
Jiyva
Lugonu

Shops:
D:1 !   Orc:1 [   Orc:2 (**?   Elf:1 !   Elf:2 ::=   Vaults:1 ?==   Vaults:2 [
Depths:4 (*(

Portals:
Hell: Depths:1 Depths:2 Depths:3 Depths:4
Abyss: Lair:5 Depths:1 Depths:3
Pandemonium: Depths:2 Depths:3
Ziggurat: Depths:1
Trove: D:11 (give +7 demon trident)

Annotations:
D:10 exclusion: 2 electric eels
Spider:2 Arachne
Elf:2 6 runed translucent doors, Miman's ghost, adept OpSh
Vaults:1 exclusion: 2 doors
Vaults:2 exclusion: skyshark, Norris
Abyss:1 Urug


Innate Abilities, Weirdness & Mutations

You are a living statue of rough stone.
Your actions are slow, but your melee attacks are powerful.
You are resistant to unholy torment.
Your maximum health is greatly increased.
Your equipment is partially melded.
You are small and have problems with some larger weapons.
You are immune to poison.
You are completely attuned to the shadows.
You have large cloven feet.
You possess an exceptional clarity of mind.
Your body often deteriorates upon taking damage.
You are frail. (-10% HP)
Your magical capacity is low. (-10% MP)
Your system is resistant to poisons. (rPois)
You are weak. (Str -2)


Message History

You kick the Orb Guardian, but do no damage.
The Orb Guardian is severely wounded.
The Orb Guardian completely misses you. The Orb Guardian barely misses you.
The Orb Guardian hits you. You block the Orb Guardian's attack.
The Orb Guardian completely misses you.
The Orb Guardian attacks as it pursues you!
You block the Orb Guardian's attack. The Orb Guardian completely misses you.
The Orb Guardian completely misses you.
The Orb Guardian hits you but does no damage.
There is a staircase leading out of the dungeon here.
Enter note: come with me
Okay, then.
You feel attractive to monsters. You block the Orb Guardian's attack.
The Orb Guardian misses you. The Orb Guardian hits you!!
Throw: 4 throwing nets
Press: ? - help, Shift-Dir - straight line, f - Orb Guardian
Aim: an Orb Guardian (heavily wounded, 70% to hit)
You throw a throwing net. The throwing net hits the Orb Guardian.
The Orb Guardian is caught in the net!
The Orb Guardian is heavily wounded.
The Orb Guardian struggles against the net.
Aiming: Paralyse
Press: ? - help, Shift-Dir - straight line, f/p - Orb Guardian
Aim: an Orb Guardian (heavily wounded, entangled in a net, chance to affect: 8%)
Okay, then.
As you read the scroll of vulnerability {!r}, it crumbles to dust.
A wave of despondency washes over your surroundings.
The Orb Guardian struggles against the net. x2
Aiming: Paralyse
Press: ? - help, Shift-Dir - straight line, f/p - Orb Guardian
Aim: an Orb Guardian (heavily wounded, entangled in a net, weak-willed, chance to affect: 50%)
The Orb Guardian suddenly stops moving!
Press: ? - help, v - describe, . - travel, g - get item
Here: an Orb Guardian (heavily wounded, entangled in a net, paralysed, weak-willed) Item here: a throwing net.
The floor.
Unknown command.
Unknown command.
You have escaped!

#...........###.~~~~#
#...............~~~~#
#................~~~#
###.............~~~~#
#.....8.8.^...~.~~#
##...........~~.~~#
#............~~~~#
#..........~..~~~#
##......X8~.~~~~~#
#.8.....~~.~~~~~#
##......~~.~~~~~~#
#....8.~~.~~~~~~~#
#..~~.....~~~~~~~#
#~.~~.~~~~~~~~~~~#
#~~~~~~~~~~~~~~~~#
#~~~~~~~~~~~~~~~~
############


You could see an Orb Guardian (caught, paralysed, weak-willed).

Vanquished Creatures
  A dread lich (Zot:5)
  4 orbs of fire (Zot:5)
  2 ancient liches (Zot:5)
  Mara (Shoals:4)
  A juggernaut (Depths:3)
  Josephina (Depths:3)
  Sojobo (Depths:1)
  2 caustic shrikes (Depths:3)
  A Killer Klown (Zot:5)
  Saint Roka (Vaults:5)
  4 golden dragons
  the Enchantress (Depths:2)
  2 electric golems
  A pandemonium lord (Zot:5)
  Jorgrun (Elf:1)
  3 walking earthen tomes (Depths:3)
  7 tentacled monstrosities
  2 liches
  A walking crystal tome (Depths:3)
  A Hell Sentinel (Zot:2)
  3 walking frostbound tomes (Zot:4)
  25 Orb Guardians
  2 deep elf master archers (Elf:3)
  4 deep elf blademasters (Elf:3)
  4 quicksilver dragons
  7 titans
  2 death cobs
  6 sphinxes
  An Executioner (Zot:4)
  8 shadow dragons
  8 tengu reavers
  A thorn hunter (Depths:2)
  Ilsuiw (Shoals:3)
  Roxanne (Shoals:1)
  A daeva (Zot:2)
  A fenstrider witch (Shoals:4)
  A protean progenitor (Zot:2)
  The ghost of Biggs the Eclecticist, an adept DjCj of Makhleb (Orc:1)
  7 fire giants
  7 storm dragons
  A draconian shifter (Zot:5)
  2 narguns (Zot:4)
  A deep elf sorcerer (Elf:3)
  A draconian knight (Zot:5)
  15 vault wardens
  An emperor scorpion (Spider:4)
  3 frost giants
  An iron dragon (Vaults:5)
  A balrug (Depths:1)
  2 draconian scorchers (Depths:4)
  2 ghost moths
  4 deep elf elementalists (Elf:3)
  The ghost of Kiokkeho the Brawler, a journeyman TrMo of Qazlal (D:13)
  4 orc warlords
  A cacodemon (Zot:4)
  4 broodmothers
  19 ironbound preservers
  A reaper (D:15)
  11 very ugly things
  2 draconian stormcallers
  6 draconian annihilators
  10 ironbound thunderhulks
  2 spriggan defenders (Depths:2)
  4 formless jellyfish
  12 stone giants
  3 green draconians
  A lorocyproca (D:5)
  An eleionoma (Depths:2)
  A black draconian (Zot:5)
  2 vampire knights (Depths:3)
  6 deep elf death magi
  4 deep elf annihilators
  4 deep elf demonologists
  A purple draconian (Zot:5)
  3 yellow draconians
  3 white draconians
  9 spark wasps
  7 red draconians
  11 dire elephants
  A merfolk impaler (Shoals:4)
  3 blizzard demons (Zot:2)
  6 merfolk javelineers
  6 ettins
  11 fire dragons
  2 crystal guardians (Vaults:1)
  11 yaktaur captains
  5 entropy weavers
  2 rakshasas
  A jiangshi (Vaults:3)
  A spriggan zombie (Depths:3)
  2 ice dragons
  5 hydras
  5 deep elf high priests
  31 vault guards
  2 peacekeepers (Vaults:1)
  5 ironbound frosthearts
  3 great orbs of eyes
  A juggernaut simulacrum (Depths:3)
  Erolcha (D:10)
  17 centaur warriors
  Fannar (D:10)
  2 hell beasts
  4 spriggan air magi
  3 merfolk avatars
  6 radroaches
  An ogre mage (Vaults:5)
  3 merfolk aquamancers
  3 deep troll shamans
  6 tengu warriors
  19 dancing weapons
  An alligator snapping turtle (Shoals:4)
  7 two-headed ogres
  9 boulder beetles
  6 death yaks
  2 occultists (Depths:3)
  11 deep troll earth magi
  6 demonic crawlers
  2 hell hogs (Depths:1)
  2 vampire magi
  A shock serpent (shapeshifter) (Vaults:5)
  7 orc high priests
  14 hell knights
  2 spriggan berserkers
  3 thrashing horrors (Lair:5)
  5 sun demons
  14 deep elf knights
  2 soul eaters
  2 titan skeletons (Depths:3)
  10 sea snakes
  6 iron trolls
  4 pharaoh ants
  A shadow wraith (Vaults:5)
  A sixfirhy (Depths:3)
  76 deep trolls
  3 skysharks
  A spriggan druid (Depths:2)
  2 shadow demons (Depths:2)
  6 arcanists
  2 sun moths (Spider:1)
  2 flayed ghosts (Depths:3)
  15 orb spiders
  22 deep elf archers
  14 ironbound convokers
  4 lindwurms
  2 tengu zombies
  7 phantasmal warriors (Vaults:5)
  A harpy (shapeshifter) (D:13)
  3 steelbarb worms
  24 harpies
  28 deep elf zephyrmancers
  15 orc knights
  An obsidian statue (Zot:5)
  9 necromancers
  7 manticores
  A shining eye (shapeshifter) (Vaults:5)
  25 ugly things
  30 deep elf pyromancers
  16 wolf spiders
  8 orc sorcerers
  A salamander (Depths:1)
  A stone giant zombie (Vaults:3)
  7 cyclopes
  A manticore (shapeshifter) (Depths:2)
  4 black mambas
  An elf skeleton (Vaults:2)
  4 merfolk sirens
  6 moths of wrath
  15 meliai
  7 fauns
  2 kobold blastminers (Orc:2)
  26 elephants
  11 large abominations
  15 vault sentinels
  A meliai (shapeshifter) (D:14)
  4 water nymphs
  An eye of devastation (shapeshifter) (Depths:2)
  6 smoke demons
  2 gargoyles (D:13)
  An ice statue (IceCv)
  A yaktaur (shapeshifter) (Vaults:5)
  15 cane toads
  2 unseen horrors
  22 yaktaurs
  7 torpor snails
  7 rime drakes
  2 freezing wraiths
  Maggie (D:6)
  6 komodo dragons
  A yaktaur zombie (Vaults:3)
  An efreet (D:14)
  Psyche (D:9)
  An ice devil (Zot:3)
  2 tengu conjurers
  4 kobold demonologists
  A golden dragon simulacrum (Depths:3)
  7 trolls
  A human skeleton (Vaults:4)
  26 merfolk
  9 polar bears
  5 wind drakes
  2 tengu simulacra (Depths:3)
  20 tarantellas
  Prince Ribbit (D:9)
  4 glass eyes
  8 blink frogs (Lair:5)
  A snapping turtle (shapeshifter) (Depths:2)
  9 snapping turtles
  10 dream sheep
  A raiju (Lair:5)
  A raiju (shapeshifter) (D:15)
  30 jumping spiders
  A human simulacrum (Vaults:2)
  22 slime creatures
  A centaur simulacrum (D:13)
  16 culicivoras
  2 spriggans
  2 ynoxinuls (Lair:5)
  3 shadows
  2 wraiths
  2 air elementals
  9 small abominations
  8 water elementals
  3 elf zombies
  A vampire (D:13)
  45 yaks
  3 wyverns
  A fire elemental (Elf:1)
  A steam dragon (D:10)
  A warg (shapeshifter) (D:14)
  2 basilisks
  5 chaos spawn
  8 wargs
  A redback (shapeshifter) (Depths:4)
  54 redbacks
  2 vampire mosquitoes (D:11)
  A swamp worm (shapeshifter) (Vaults:5)
  2 glowing shapeshifter zombies (Vaults:4)
  An acid dragon (IceCv)
  10 water moccasins
  2 glowing shapeshifter skeletons
  32 orc warriors
  4 laughing skulls (D:15)
  7 ogres
  5 sky beasts
  7 black bears
  21 wolves
  11 centaurs
  A phantom (D:6)
  Blork the orc (D:4)
  3 kobold brigands (D:12)
  10 bullfrogs
  3 gnoll sergeants
  5 scorpions
  5 earth elementals
  27 wights
  4 killer bees (D:9)
  2 electric eels (D:10)
  3 howler monkeys
  3 bombardier beetles
  A crimson imp (D:12)
  24 orc priests
  4 hounds
  2 jellies
  A gnoll bouda (D:8)
  3 sleepcaps
  Ijyb (D:4)
  4 iguanas
  27 orc wizards
  22 gnolls
  8 adders
  2 white imps (D:7)
  2 ribbon worms
  6 dart slugs
  96 orcs
  4 ball pythons
  6 endoplasms
  4 giant cockroaches
  7 goblins
  7 hobgoblins
  6 kobolds
  4 quokkas
  5 bats
  3 frilled lizards
  5 rats
1851 creatures vanquished.

Vanquished Creatures (collateral kills)
  A Killer Klown (Zot:5)
  2 Orb Guardians (Zot:5)
  A sphinx (Vaults:5)
  A storm dragon (D:13)
  A draconian knight (Zot:5)
  A deep elf sorcerer (Elf:3)
  A vault warden (Vaults:1)
  A deep elf elementalist (Elf:3)
  2 orc warlords (Orc:2)
  An ironbound thunderhulk (Vaults:1)
  A deep elf demonologist (Vaults:5)
  A merfolk javelineer (Shoals:4)
  A deep troll earth mage (D:13)
  3 orc high priests
  2 deep trolls (Vaults:1)
  A deep elf archer (Elf:3)
  6 orc knights
  A deep elf pyromancer (D:13)
  2 orc sorcerers (Orc:2)
  A manticore (Shoals:4)
  3 merfolk sirens (Shoals:3)
  A kobold blastminer (Orc:2)
  A vault sentinel (Vaults:4)
  2 smoke demons (Lair:5)
  A yaktaur (Vaults:1)
  2 komodo dragons (Lair:5)
  2 trolls (Orc:2)
  7 blink frogs (Lair:5)
  A merfolk (Shoals:3)
  A centaur simulacrum (D:13)
  A basilisk (Lair:5)
  A vampire (D:13)
  A ynoxinul (Lair:5)
  7 orc warriors
  An ogre (Orc:2)
  4 small abominations (Lair:5)
  2 orc priests (Orc:2)
  3 orc wizards (Orc:2)
  3 orcs (Orc:2)
75 creatures vanquished.

Vanquished Creatures (others)
  2 liches
  A cacodemon (Zot:5)
  2 deep elf knights
  A pharaoh ant (Spider:1)
  An orb spider (Spider:4)
  A deep elf archer (Elf:1)
  A deep elf pyromancer (Elf:2)
  A wolf spider (Spider:3)
  2 deep elf zephyrmancers
  An elephant (Lair:2)
  A golden dragon simulacrum (Depths:3)
  A yaktaur (Vaults:2)
  A tengu simulacrum (Depths:3)
  2 water elementals
  A golden eye (shapeshifter) (Elf:2)
  A yak zombie (IceCv)
  An orc priest (Orc:2)
  2 orc wizards (Orc:2)
  An orc (Orc:2)
  6 ball lightnings (Orc:1)
  A fire vortex (Zot:5)
31 creatures vanquished.

Grand Total: 1957 creatures vanquished

Notes
Turn   | Place    | Note
-------+----------+-------------------------------------------
     0 | D:1      | yetimobile the Kobold Berserker began the quest for the
                  | Orb.
     0 | D:1      | Reached XP level 1. HP: 14/14 MP: 1/1
    76 | D:1      | Reached skill level 1 in Stealth
   106 | D:1      | Found Poggog's Distillery.
   122 | D:1      | Reached XP level 2. HP: 19/19 MP: 2/2
   215 | D:1      | Reached skill level 2 in Stealth
   397 | D:1      | Found a faded altar of an unknown god.
   399 | D:1      | Reached XP level 3. HP: 23/23 MP: 3/3
   908 | D:2      | Reached skill level 5 in Short Blades
  1021 | D:2      | Reached skill level 3 in Stealth
  1318 | D:2      | Reached XP level 4. HP: 28/28 MP: 4/4
  1347 | D:2      | Reached ** piety under Trog
  2199 | D:3      | Found a burning altar of Makhleb.
  2295 | D:3      | Reached skill level 4 in Stealth
  2429 | D:3      | Reached XP level 5. HP: 32/32 MP: 5/5
  2701 | D:4      | Reached skill level 6 in Short Blades
  2770 | D:4      | Noticed Ijyb
  2772 | D:4      | Killed Ijyb
  2842 | D:4      | Reached skill level 5 in Stealth
  2842 | D:4      | Reached XP level 6. HP: 37/37 MP: 6/6
  2990 | D:4      | Identified the +1 scale mail of the Sailor {Dex+2}
  3170 | D:4      | Noticed Blork the orc
  3179 | D:4      | Killed Blork the orc
  3180 | D:4      | Reached skill level 7 in Short Blades
  3180 | D:4      | Reached skill level 6 in Stealth
  3298 | D:4      | Reached XP level 7. HP: 41/41 MP: 7/7
  3575 | D:4      | Reached skill level 7 in Stealth
  3745 | D:5      | Entered Level 5 of the Dungeon
  3762 | D:5      | Found a hazy altar of Hepliaklqana.
  3837 | D:5      | Reached skill level 8 in Short Blades
  3870 | D:5      | Noticed Edmund
  4033 | D:5      | Reached *** piety under Trog
  4222 | D:5      | Reached skill level 8 in Stealth
  4360 | D:5      | Reached XP level 8. HP: 46/46 MP: 8/8
  4391 | D:5      | Found an ornate altar of the Wu Jian Council.
  4394 | D:5      | Found a sacrificial altar of Ru.
  4398 | D:5      | Found a white marble altar of Elyvilon.
  4449 | D:5      | Found a glowing golden altar of the Shining One.
  4458 | D:5      | Reached skill level 9 in Short Blades
  4579 | D:6      | Noticed Maggie
  4893 | D:6      | Reached skill level 9 in Stealth
  5191 | D:6      | Reached skill level 10 in Short Blades
  5200 | D:6      | Reached skill level 10 in Stealth
  5461 | D:6      | Reached skill level 3 in Dodging
  5461 | D:6      | Reached XP level 9. HP: 51/51 MP: 9/9
  5734 | D:6      | Killed Maggie
  5735 | D:6      | Reached skill level 4 in Dodging
  5735 | D:6      | Reached skill level 11 in Stealth
  5737 | D:6      | Reached skill level 5 in Dodging
  5805 | D:5      | Edmund changed into Edmund the howler monkey
  5805 | D:5      | Noticed Edmund
  5810 | D:5      | Killed Edmund the howler monkey
  5924 | D:1      | Bought a potion of invisibility for 96 gold pieces
  6314 | D:7      | Reached skill level 6 in Dodging
  6314 | D:7      | Reached skill level 12 in Stealth
  6434 | D:7      | Reached skill level 1 in Ranged Weapons
  6524 | D:7      | Reached skill level 2 in Ranged Weapons
  6683 | D:7      | Reached skill level 7 in Dodging
  6740 | D:7      | Reached skill level 3 in Ranged Weapons
  6816 | D:7      | Reached XP level 10. HP: 56/56 MP: 10/10
  6861 | D:7      | Found a staircase to the Ecumenical Temple.
  6911 | Temple   | Entered the Ecumenical Temple
  6956 | D:7      | Reached skill level 4 in Fighting
  6968 | D:7      | Reached skill level 4 in Ranged Weapons
  7296 | D:7      | Reached skill level 5 in Fighting
  7296 | D:7      | Reached skill level 5 in Ranged Weapons
  7681 | D:8      | Reached skill level 6 in Ranged Weapons
  7702 | D:8      | Reached skill level 6 in Fighting
  7913 | D:8      | Reached **** piety under Trog
  7945 | D:8      | Reached skill level 7 in Ranged Weapons
  8106 | D:8      | Found a staircase to the Lair.
  8124 | D:8      | Reached skill level 1 in Evocations
  8143 | D:8      | Reached skill level 2 in Evocations
  8157 | D:8      | Reached skill level 3 in Evocations
  8264 | D:8      | Reached skill level 4 in Evocations
  8663 | D:9      | Noticed Psyche
  8663 | D:9      | Noticed Prince Ribbit
  8789 | D:9      | Reached skill level 5 in Evocations
  8894 | D:9      | Reached skill level 6 in Evocations
  8901 | D:9      | Reached XP level 11. HP: 62/66 MP: 11/11
  8912 | D:9      | Reached skill level 7 in Evocations
  9122 | D:9      | Noticed a two-headed ogre
  9126 | D:9      | Killed a two-headed ogre
  9127 | D:9      | Reached skill level 8 in Evocations
  9129 | D:9      | Reached skill level 9 in Evocations
  9296 | D:9      | Found a stormy altar of Qazlal.
  9313 | D:9      | Found an ancient bone altar of Kikubaaqudgha.
  9322 | D:9      | Found a basalt altar of Yredelemnul.
  9325 | D:9      | Found a shimmering altar of Xom.
  9396 | D:9      | Killed Prince Ribbit
  9442 | D:9      | Killed Psyche
 10157 | D:9      | Reached skill level 13 in Stealth
 10222 | D:10     | Entered Level 10 of the Dungeon
 10242 | D:10     | Reached skill level 8 in Dodging
 10474 | D:10     | Noticed a two-headed ogre
 10478 | D:10     | Killed a two-headed ogre
 10590 | D:10     | Noticed Erolcha
 10593 | D:10     | Killed Erolcha
 10594 | D:10     | Reached skill level 9 in Dodging
 10662 | D:10     | Noticed Fannar
 10666 | D:10     | Killed Fannar
 10667 | D:10     | Reached skill level 14 in Stealth
 10981 | D:10     | Reached XP level 12. HP: 71/71 MP: 12/12
 11282 | D:11     | Found a staircase to the Orcish Mines.
 11501 | D:11     | Found a portal to a secret trove of treasure.
 11629 | D:11     | Reached skill level 10 in Dodging
 12082 | D:12     | Reached skill level 15 in Stealth
 12159 | D:12     | Reached skill level 2 in Armour
 12211 | D:12     | Found a frozen archway.
 12241 | IceCv    | Entered an ice cave
 12263 | IceCv    | Reached skill level 3 in Armour
 12327 | IceCv    | Reached skill level 8 in Ranged Weapons
 12391 | IceCv    | Reached skill level 4 in Armour
 12425 | IceCv    | Reached ***** piety under Trog
 12933 | IceCv    | Noticed a death yak
 12934 | IceCv    | Noticed a death yak
 12937 | IceCv    | Killed a death yak
 12938 | IceCv    | Reached skill level 5 in Armour
 12939 | IceCv    | Killed a death yak
 12940 | IceCv    | Reached skill level 7 in Fighting
 13000 | IceCv    | Reached XP level 13. HP: 76/76 MP: 13/13
 13016 | IceCv    | Reached skill level 10 in Evocations
 13215 | IceCv    | Noticed a frost giant
 13320 | IceCv    | a death yak changed into a storm dragon
 13320 | IceCv    | Noticed a storm dragon
 13325 | IceCv    | Killed a storm dragon
 13326 | IceCv    | Reached skill level 8 in Fighting
 13631 | IceCv    | Reached skill level 11 in Evocations
 13772 | IceCv    | Killed a frost giant
 13852 | D:12     | Reached skill level 9 in Fighting
 14677 | D:12     | Reached skill level 12 in Evocations
 14870 | Lair:1   | Entered Level 1 of the Lair of Beasts
 14912 | Lair:1   | Reached skill level 9 in Ranged Weapons
 15245 | Lair:1   | Reached skill level 10 in Fighting
 16264 | Lair:2   | Got the Commentary on the Frostbound Tempest
 16323 | Lair:2   | Found a hole to the Spider Nest.
 17301 | Lair:3   | Reached skill level 16 in Stealth
 17301 | Lair:3   | Reached XP level 14. HP: 88/88 MP: 14/14
 17371 | Lair:3   | Reached skill level 11 in Fighting
 17373 | Lair:3   | Identified the +9 short sword "Zolucw" {heavy, Dex+3} (Trog
                  | gifted it to you on level 3 of the Lair of Beasts)
 17373 | Lair:3   | Received a gift from Trog
 18153 | Lair:3   | Reached skill level 17 in Stealth
 18332 | Lair:4   | Reached skill level 12 in Fighting
 18340 | Lair:4   | Found a viscous altar of Jiyva.
 18341 | Lair:4   | Found a staircase to the Slime Pits.
 19186 | Lair:4   | Reached skill level 18 in Stealth
 19472 | Lair:4   | Reached skill level 11 in Dodging
 19504 | Lair:4   | Reached skill level 1 in Shields
 19838 | Lair:5   | Entered Level 5 of the Lair of Beasts
 19869 | Lair:5   | Reached skill level 2 in Shields
 20171 | Lair:5   | Reached skill level 3 in Shields
 20201 | Lair:5   | Reached skill level 4 in Shields
 20220 | Lair:5   | Reached XP level 15. HP: 76/97 MP: 15/15
 20472 | Lair:5   | Reached skill level 5 in Shields
 20508 | Lair:5   | HP: 2/97 [blink frog (13)]
 20976 | Lair:5   | Reached skill level 11 in Short Blades
 21471 | Lair:5   | Reached skill level 12 in Short Blades
 21685 | Lair:5   | Reached skill level 13 in Short Blades
 21773 | Lair:5   | Found a corrupted altar of Lugonu.
 21776 | Lair:5   | Found a one-way gate to the infinite horrors of the Abyss.
 21843 | Lair:5   | Identified the +1 scale mail of Recklessness {rF+ Regen+
                  | Dex+4}
 22176 | Lair:3   | Found a staircase to the Shoals.
 22371 | Lair:2   | Reached skill level 14 in Short Blades
 22547 | Orc:1    | Entered Level 1 of the Orcish Mines
 22679 | Orc:2    | Entered Level 2 of the Orcish Mines
 22708 | Orc:2    | Reached skill level 1 in Throwing
 22847 | Orc:2    | Found a staircase to the Elven Halls.
 23049 | Orc:2    | Reached skill level 2 in Throwing
 23314 | Orc:2    | Received a gift from Trog
 23361 | Orc:2    | Reached skill level 3 in Throwing
 23395 | Orc:2    | Noticed an orc warlord
 23401 | Orc:2    | Noticed an orc warlord
 23406 | Orc:2    | Killed an orc warlord
 23413 | Orc:2    | Killed an orc warlord
 23432 | Orc:2    | Reached skill level 4 in Throwing
 23444 | Orc:2    | Reached skill level 6 in Armour
 23636 | Orc:2    | Noticed an orc warlord
 23642 | Orc:2    | Killed an orc warlord
 23643 | Orc:2    | Reached XP level 16. HP: 103/103 MP: 16/16
 23662 | Orc:2    | Upgraded the game from 0.31.0 to 0.31.0-2-g5a2aebc5c2
 23726 | Orc:2    | Received a gift from Trog
 23729 | Orc:2    | Reached skill level 5 in Throwing
 23954 | Orc:2    | Reached skill level 6 in Throwing
 23962 | Orc:2    | Found Foyzamp's Magic Scroll Boutique.
 23962 | Orc:2    | Found Voanaodo's Antique Weapon Shoppe.
 23964 | Orc:2    | Found Werifolir's General Store.
 23964 | Orc:2    | Found Ciaddut's General Store.
 23967 | Orc:2    | Bought a scroll of fear for 64 gold pieces
 23970 | Orc:2    | Bought a scroll of blinking for 90 gold pieces
 23981 | Orc:2    | Bought a ring of see invisible for 180 gold pieces
 23982 | Orc:2    | Bought a scroll of teleportation for 39 gold pieces
 23982 | Orc:2    | Bought a +4 heavy sling for 321 gold pieces
 23984 | Orc:2    | Bought a potion of haste for 130 gold pieces
 23986 | Orc:2    | Bought a scroll of silence for 152 gold pieces
 23993 | Orc:2    | Bought a scroll of fear for 48 gold pieces
 23994 | Orc:2    | Bought a scroll of fog for 52 gold pieces
 23995 | Orc:2    | Bought a scroll of revelation for 90 gold pieces
 24095 | D:12     | Gained mutation: A frigid envelope surrounds you and
                  | freezes all who hurt you. [potion of mutation]
 24096 | D:12     | Lost mutation: A frigid envelope surrounds you and freezes
                  | all who hurt you. [potion of mutation]
 24096 | D:12     | Gained mutation: You have hidden genetic potential. [potion
                  | of mutation]
 24096 | D:12     | Gained mutation: You have large cloven feet. [potion of
                  | mutation]
 24230 | D:13     | Noticed Urug
 24246 | D:13     | Banished Urug
 24323 | D:13     | Reached skill level 12 in Dodging
 24479 | D:13     | Found a runed translucent door.
 24583 | D:13     | Reached skill level 13 in Dodging
 24719 | D:13     | Noticed a lich
 24825 | D:13     | Found a runed translucent door.
 24826 | D:13     | Noticed Kiokkeho's ghost (journeyman TrMo)
 24831 | D:13     | Noticed a storm dragon
 25119 | D:13     | You fall into a shaft and drop 2 floors!
 25119 | D:15     | Entered Level 15 of the Dungeon
 25401 | D:15     | Reached skill level 19 in Stealth
 25506 | D:14     | Received a gift from Trog
 25659 | D:14     | Identified a scroll of acquirement
 25660 | D:14     | Acquired the -1 hat of Ennui {+Inv Dex+5}
 26276 | D:13     | Found a gate to the Vaults.
 26280 | D:13     | Reached skill level 20 in Stealth
 26574 | D:15     | Reached skill level 13 in Evocations
 26670 | D:15     | Reached XP level 17. HP: 108/108 MP: 17/17
 26824 | D:15     | Found a staircase to the Depths.
 27457 | Spider:1 | Entered Level 1 of the Spider Nest
 27942 | Spider:1 | Gained mutation: Your system is resistant to poisons.
                  | (rPois) [hidden potential]
 27943 | Spider:1 | amazing
 28202 | Spider:1 | Reached skill level 7 in Throwing
 28764 | Spider:2 | Reached skill level 8 in Throwing
 28766 | Spider:2 | Reached skill level 14 in Evocations
 29180 | Spider:2 | Noticed Arachne
 29396 | Spider:2 | Reached skill level 15 in Evocations
 29951 | Spider:3 | Reached skill level 21 in Stealth
 30084 | Spider:3 | Received a gift from Trog
 30408 | Spider:3 | Reached skill level 22 in Stealth
 30950 | Spider:4 | Entered Level 4 of the Spider Nest
 30989 | Spider:3 | HP: 13/162 [spark wasp (17)]
 30995 | Spider:3 | HP: 8/108 [poisoned by a wolf spider]
 31148 | Spider:3 | HP: 10/108 [torpor snail (13)]
 31218 | Spider:4 | Reached XP level 18. HP: 107/113 MP: 18/18
 31616 | Spider:4 | Reached skill level 9 in Throwing
 31804 | Spider:4 | Reached skill level 10 in Throwing
 32002 | Spider:4 | Identified the +7 long sword "Cakleul" {flame, rN+ rCorr
                  | Int+3}
 32141 | Spider:4 | Reached skill level 11 in Throwing
 32361 | Spider:4 | Reached skill level 14 in Dodging
 32406 | Spider:4 | Reached skill level 6 in Shields
 32523 | Spider:4 | Reached skill level 13 in Fighting
 32628 | Spider:4 | Got a gossamer rune of Zot
 32855 | Shoals:1 | Entered Level 1 of the Shoals
 32932 | Shoals:1 | Reached ****** piety under Trog
 33031 | Shoals:1 | Received a gift from Trog
 33236 | Shoals:1 | Reached skill level 16 in Evocations
 33236 | Shoals:1 | Noticed Roxanne
 33454 | Shoals:2 | Reached XP level 19. HP: 102/120 MP: 19/19
 33830 | Shoals:2 | Reached skill level 17 in Evocations
 33928 | Shoals:2 | Gained mutation: You possess an exceptional clarity of
                  | mind. [hidden potential]
 33928 | Shoals:2 | Lost mutation: You have hidden genetic potential. [hidden
                  | potential expressed]
 34394 | Shoals:3 | Identified the +9 short sword of the Spines {heavy,
                  | *Corrode rN+ Stlth+} (Trog gifted it to you on level 3 of
                  | the Shoals)
 34394 | Shoals:3 | Received a gift from Trog
 34420 | Shoals:3 | Reached skill level 14 in Fighting
 34642 | Shoals:3 | Noticed Ilsuiw
 34671 | Shoals:3 | Killed Ilsuiw
 35323 | Shoals:4 | Entered Level 4 of the Shoals
 35362 | Shoals:4 | Reached skill level 15 in Dodging
 35708 | Shoals:4 | Noticed Mara
 36066 | Shoals:4 | Reached skill level 7 in Shields
 36067 | Shoals:4 | Received a gift from Trog
 36087 | Shoals:4 | Got a barnacled rune of Zot
 36249 | Shoals:4 | Killed Mara
 36814 | D:13     | Reached skill level 8 in Shields
 36820 | D:13     | Killed Kiokkeho's ghost
 36857 | D:13     | Killed a lich
 36989 | Vaults:1 | Entered Level 1 of the Vaults
 37259 | Vaults:1 | Reached skill level 9 in Shields
 37269 | Vaults:1 | Identified the +0 war axe of Ru's Brutal Revenge {venom,
                  | ^Fragile rElec Str+2 Dex+8}
 37339 | Vaults:1 | Reached XP level 20. HP: 127/127 MP: 18/20
 37341 | Vaults:1 | Identified the +12 quick blade of Soalioqi {flame, Str+2
                  | Dex+3} (Trog gifted it to you on level 1 of the Vaults)
 37341 | Vaults:1 | Received a gift from Trog
 37517 | Vaults:1 | Reached skill level 10 in Shields
 37717 | Vaults:1 | Found Bemaw's Magic Scroll Shop.
 37722 | Vaults:1 | Bought a scroll of fear for 60 gold pieces
 37929 | Vaults:1 | Reached skill level 23 in Stealth
 38225 | Vaults:1 | Found Voahiafi's Jewellery Shop.
 38230 | Vaults:1 | Bought a +4 ring of slaying for 1248 gold pieces
 38268 | Vaults:1 | Found Gomacep's Jewellery Shop.
 38272 | Vaults:1 | Bought the ring of Miracles {Fly rElec Dex+3 SInv Stlth+}
                  | for 492 gold pieces
 38480 | Vaults:1 | Received a gift from Trog
 38619 | Vaults:2 | Reached skill level 24 in Stealth
 38965 | Vaults:2 | Found Wouqeup's Armour Shop.
 39207 | Vaults:2 | Reached skill level 25 in Stealth
 39418 | Vaults:2 | Reached skill level 16 in Dodging
 39451 | Vaults:2 | Noticed Norris
 40032 | Vaults:2 | Received a gift from Trog
 40033 | Vaults:2 | Reached XP level 21. HP: 132/132 MP: 21/21
 40307 | Vaults:3 | Reached skill level 17 in Dodging
 40649 | Vaults:3 | Found a staircase to the Crypt.
 40763 | Vaults:3 | Reached skill level 18 in Dodging
 41861 | Vaults:4 | Reached skill level 19 in Dodging
 41862 | Vaults:4 | Received a gift from Trog
 42477 | Vaults:4 | Reached skill level 18 in Evocations
 42490 | Vaults:4 | Received a gift from Trog
 42505 | Vaults:4 | Reached XP level 22. HP: 114/137 MP: 22/22
 42849 | Vaults:4 | Identified the death talisman of Exclusion {Str+3 Slay-5}
 42943 | Vaults:4 | Reached skill level 19 in Evocations
 43014 | Vaults:5 | Entered Level 5 of the Vaults
 43044 | Vaults:5 | Identified the amulet "Hystit" {Acrobat Rampage +Inv rC++
                  | Int-4}
 43410 | Vaults:5 | Received a gift from Trog
 43505 | Vaults:5 | Reached skill level 26 in Stealth
 43954 | Vaults:5 | Identified the +5 rapier of Descent {venom, rC+ Dex+4}
 44091 | Vaults:5 | Reached skill level 27 in Stealth
 44237 | Vaults:5 | Reached skill level 20 in Dodging
 44308 | Vaults:5 | Identified the staff of Diuliul {rElec rF+ Str+2 Dex-2
                  | Hexes Fire}
 44314 | Vaults:5 | Identified the +11 short sword "Tymp" {drain, rElec rPois
                  | rC+ Dex+2}
 44323 | Vaults:5 | Identified the staff of Gotsicuw {rPois Dex+5 Alchemy}
 44582 | Vaults:5 | Noticed Saint Roka
 44586 | Vaults:5 | Killed Saint Roka
 44590 | Vaults:5 | Received a gift from Trog
 44641 | Vaults:5 | come with me troll
 44665 | Vaults:4 | Reached skill level 21 in Dodging
 44728 | Vaults:5 | Identified the amulet of the Saviour {Regen+ Int+2}
 44733 | Vaults:5 | Reached XP level 23. HP: 122/125 MP: 23/23
 44858 | Vaults:5 | Noticed a golden dragon
 44862 | Vaults:5 | Killed a golden dragon
 45225 | Vaults:5 | Identified the +12 quarterstaff of Pizutyas {antimagic,
                  | rPois Will++} (Trog gifted it to you on level 5 of the
                  | Vaults)
 45225 | Vaults:5 | Received a gift from Trog
 45266 | Vaults:5 | Identified the amulet "Gaen" {Acrobat +Blink rC+++ Dex-4}
 45322 | Vaults:5 | Reached skill level 15 in Fighting
 45340 | Vaults:5 | Got a silver rune of Zot
 45978 | Shoals:1 | Killed Roxanne
 45982 | Shoals:1 | Upgraded the game from 0.31.0-2-g5a2aebc5c2 to
                  | 0.31.0-4-g52a2dc7128
 46302 | Orc:1    | Found Jideitur's Antique Armour Shop.
 46634 | Orc:1    | Found a transporter.
 46635 | Orc:1    | Noticed Biggs's ghost (adept DjCj)
 46639 | Orc:1    | Identified the +6 great mace "Bousk" {freeze, ^Fragile
                  | Str+3 Dex+5}
 46641 | Orc:1    | Found a transporter.
 46666 | Orc:1    | Killed Biggs's ghost
 46936 | Orc:1    | Bought a smoking chain mail for 256 gold pieces
 46936 | Orc:1    | Identified the +7 chain mail of the Eagle {Harm} (You
                  | bought it in a shop on level 1 of the Orcish Mines)
 46936 | Orc:1    | Bought a steaming helmet for 256 gold pieces
 46936 | Orc:1    | Identified the +0 helmet "Gyalum" {SInv} (You bought it in
                  | a shop on level 1 of the Orcish Mines)
 46962 | Elf:1    | Entered Level 1 of the Elven Halls
 46992 | Elf:1    | Reached skill level 10 in Ranged Weapons
 47131 | Elf:1    | Reached skill level 1 in Shapeshifting
 47147 | Elf:1    | Identified the +4 great sword "Sarreuho" {heavy, ^Fragile
                  | Str+2 Dex+4}
 47166 | Elf:1    | Received a gift from Trog
 47185 | Elf:1    | Reached skill level 2 in Shapeshifting
 47229 | Elf:1    | Reached skill level 3 in Shapeshifting
 47417 | Elf:1    | Reached skill level 4 in Shapeshifting
 47558 | Elf:1    | Reached skill level 5 in Shapeshifting
 47600 | Elf:1    | Noticed Jorgrun
 47615 | Elf:1    | Killed Jorgrun
 47785 | Elf:1    | Identified the +3 arbalest "Wugh" {drain, rC++ SInv}
 47820 | Elf:1    | Reached skill level 6 in Shapeshifting
 47881 | Elf:1    | Found Hodav's Distillery.
 48160 | Elf:2    | Found a runed translucent gate.
 48160 | Elf:2    | Found a runed translucent gate.
 48160 | Elf:2    | Found a runed translucent gate.
 48191 | Elf:2    | Received a gift from Trog
 48263 | Elf:2    | Found Joruy's Book Boutique.
 48263 | Elf:2    | Found Mukkaden's Book Boutique.
 48264 | Elf:2    | Found Zyxky's Jewellery Shoppe.
 48274 | Elf:2    | Reached skill level 7 in Shapeshifting
 48468 | Elf:2    | Reached XP level 24. HP: 152/152 MP: 23/23
 48485 | Elf:2    | Found a runed translucent gate.
 48486 | Elf:2    | Found a runed translucent gate.
 48487 | Elf:2    | Found a runed translucent gate.
 48638 | Elf:2    | Noticed Miman's ghost (adept OpSh)
 48667 | Elf:3    | Entered Level 3 of the Elven Halls
 48746 | Elf:3    | Reached skill level 8 in Shapeshifting
 49223 | Elf:3    | Reached skill level 9 in Shapeshifting
 49233 | Elf:3    | Identified the +3 robe of the Journeyman {Dex+2}
 49275 | Elf:3    | Found the +8 frozen axe "Frostbite" {freeze, freezing
                  | cloud, *Noise Fly rC+}
 49331 | Elf:3    | Identified the +3 quarterstaff of Vanity {heavy, rElec
                  | rCorr}
 49391 | Elf:3    | Reached skill level 10 in Shapeshifting
 49529 | Elf:3    | Identified the +1 short sword "Wucluaz" {elec, Stlth+}
 49530 | Elf:3    | Received a gift from Trog
 49580 | Elf:3    | Identified the amulet of Cuimebow {Acrobat Will+ Regen+
                  | Dex+5 Stlth-}
 49600 | Elf:3    | Identified the staff of Grontol {rPois Will+ rCorr Int-2
                  | Fire Alchemy}
 49600 | Elf:3    | Found the +9 scales of the Dragon King {rPois rF+ rC+
                  | Will+}
 49627 | Elf:3    | Identified the +4 orcbow "Yhoeloha" {drain, Will+}
 49764 | Elf:2    | Bought a ring of positive energy for 340 gold pieces
 49991 | Depths:1 | Entered Level 1 of the Depths
 50021 | Depths:1 | Reached skill level 11 in Shapeshifting
 50066 | Depths:1 | Noticed Sojobo
 50588 | Depths:1 | Identified the +2 trident "Lealuv" {flame, Str+3 Int+2
                  | Dex+3}
 50595 | Depths:1 | Found a one-way gateway to a ziggurat.
 50820 | Depths:1 | Killed Sojobo
 50821 | Depths:1 | Reached skill level 12 in Shapeshifting
 50919 | Depths:1 | Found a gateway to Hell.
 51442 | Depths:2 | Found a one-way gate leading to the halls of Pandemonium.
 51446 | Depths:2 | Received a gift from Trog
 51464 | Depths:2 | Reached skill level 13 in Shapeshifting
 51579 | Depths:2 | Found an iron altar of Okawaru.
 51791 | Depths:2 | Reached XP level 25. HP: 156/156 MP: 23/23
 51835 | Depths:2 | Found a radiant altar of Vehumet.
 51836 | Depths:2 | Noticed the Enchantress
 51844 | Depths:2 | Killed the Enchantress
 51919 | Depths:2 | Identified the ring "Galiarphe" {Fire rPois Int+4}
 51928 | Depths:2 | Identified the amulet "Gygi" {Reflect +Inv SH+5}
 52347 | Depths:3 | Identified the ring "Ewkier" {Ice rElec rPois Dex+3}
 52347 | Depths:3 | Noticed Josephina
 52377 | Depths:3 | Reached skill level 14 in Shapeshifting
 52395 | Depths:3 | Paralysed by a vampire knight for 2 turns
 52694 | Depths:3 | Identified the +2 robe of the Other World {Will+ Int+2}
 52783 | Depths:3 | Received a gift from Trog
 52901 | Depths:3 | Reached skill level 15 in Shapeshifting
 52925 | Depths:3 | Killed Josephina
 53397 | Depths:3 | Identified the ring of Hes Jise {Fly rF+ rCorr}
 53412 | Depths:3 | Noticed a caustic shrike
 53416 | Depths:3 | Killed a caustic shrike
 53452 | Depths:3 | Noticed a caustic shrike
 53456 | Depths:3 | Killed a caustic shrike
 53469 | Depths:3 | Reached skill level 16 in Shapeshifting
 53480 | Depths:3 | Reached skill level 15 in Short Blades
 53484 | Depths:3 | Noticed a juggernaut
 53493 | Depths:3 | Killed a juggernaut
 53506 | Depths:3 | Reached skill level 16 in Short Blades
 53959 | Depths:3 | Identified the +4 dagger "Grim Tooth" {antimagic, ^Fragile
                  | rN+ rCorr} (Trog gifted it to you on level 3 of the Depths)
 53959 | Depths:3 | Received a gift from Trog
 54743 | Depths:4 | Entered Level 4 of the Depths
 54809 | Depths:4 | Reached skill level 17 in Short Blades
 54839 | Depths:4 | Reached skill level 18 in Short Blades
 54852 | Depths:4 | Found a gate to the Realm of Zot.
 54974 | Depths:4 | Reached skill level 19 in Short Blades
 55088 | Depths:4 | Reached XP level 26. HP: 158/158 MP: 23/23
 55091 | Depths:4 | Reached skill level 20 in Short Blades
 55268 | Depths:4 | Found Mihec's Weapon Emporium.
 55269 | Depths:4 | Found Nivytt's Assorted Antiques.
 55270 | Depths:4 | Found Xauchusm's Antique Weapon Emporium.
 55303 | Depths:4 | Found a shimmering blue altar of Sif Muna.
 55413 | Depths:4 | Reached skill level 21 in Short Blades
 55977 | Zot:1    | Entered Level 1 of the Realm of Zot
 56346 | Zot:4    | Reached skill level 22 in Short Blades
 56404 | Zot:4    | Identified the +5 falchion of Fortitude {antimagic, rF-
                  | rCorr Str+4} (Trog gifted it to you on level 4 of the Realm
                  | of Zot)
 56404 | Zot:4    | Received a gift from Trog
 56706 | Zot:5    | Entered Level 5 of the Realm of Zot
 56780 | Zot:5    | Reached skill level 23 in Short Blades
 57055 | Zot:5    | Noticed an orb of fire
 57060 | Zot:5    | Gained mutation: Your body sometimes deteriorates upon
                  | taking damage. [an orb of fire]
 57064 | Zot:5    | Killed an orb of fire
 57070 | Zot:5    | Noticed an ancient lich
 57073 | Zot:5    | Noticed a dread lich
 57074 | Zot:5    | Noticed a Killer Klown
 57077 | Zot:5    | Killed an ancient lich
 57078 | Zot:5    | Reached skill level 24 in Short Blades
 57080 | Zot:5    | Killed a Killer Klown
 57087 | Zot:5    | Killed a dread lich
 57571 | Zot:5    | Reached skill level 25 in Short Blades
 57604 | Zot:5    | Reached skill level 16 in Fighting
 57717 | Zot:5    | Noticed an orb of fire
 57721 | Zot:5    | Noticed a Killer Klown
 57725 | Zot:5    | Noticed an ancient lich
 57725 | Zot:5    | Noticed a Killer Klown
 57726 | Zot:5    | Noticed a Killer Klown
 57726 | Zot:5    | Noticed an orb of fire
 57727 | Zot:5    | Gained mutation: Your magical capacity is low. (-10% MP)
                  | [an orb of fire]
 57813 | Zot:5    | Killed an ancient lich
 57814 | Zot:5    | Reached XP level 27. HP: 165/165 MP: 10/20
 57846 | Zot:5    | Killed a Killer Klown
 57855 | Zot:5    | Noticed an orb of fire
 57866 | Zot:5    | Gained mutation: You are frail. (-10% HP) [an orb of fire]
 57867 | Zot:5    | Killed an orb of fire
 57868 | Zot:5    | Reached skill level 17 in Fighting
 57872 | Zot:5    | Killed an orb of fire
 57991 | Zot:5    | Killed an orb of fire
 58099 | Zot:5    | Got the Orb of Zot
 58157 | Zot:5    | Gained mutation: Your body often deteriorates upon taking
                  | damage. [a cacodemon]
 58162 | Zot:5    | Noticed Maus the pandemonium lord
 58167 | Zot:5    | Killed Maus the pandemonium lord
 58182 | Zot:4    | Gained mutation: You are weak. (Str -2) [a cacodemon]
 58184 | Zot:4    | Received a gift from Trog
 58310 | Zot:2    | Noticed Arch the pandemonium lord
 58310 | Zot:2    | Noticed an ancient lich
 58310 | Zot:2    | Noticed Maor the pandemonium lord
 58328 | Zot:2    | Reached skill level 18 in Fighting
 58900 | D:1      | come with me
 58905 | D:$      | Escaped with the Orb!

Illustrated notes #. #. . #. ..#. ...# .... #....# .... #######....# .... ####..........# #####.... ###........K...# #...#^... #..............## #...##... ..#...........#...####....#### ..............##....##...##.## #..#.......%..####..#....#...# ## #...#.......##............. #...###.....####............ ##### ####### ############# Turn 27943 on Spider:1: amazing

,#....#..#,,,,,,,,,,,,,,,,*....?#
,#....#..#,,**,,,,,,,,,,,**.....#
*#....#..##,,***,,,^,,,***,.##..#
*#....#...#,,c.#######**,,,,*,,*#
#....#...##,p........,,,,,**,,*#
*#....#....##,Dp......,,,,**,,,*#
,#....#.....####.c....,****,,,**#
,#....#........##...H.**,,,,,,**#
,#....#.........KT....,,,,,,,,.##
,#..).#...............,,,,,**,..#
......)...............,,******...
........#######################..
.................)...)........(..
.)[<<............)...............
.[<.[<..............)............
...<<.....)......................
........#######################..


Turn 44641 on Vaults:5: come with me troll #...........###.~~~~#
#...............~~~~# #................~~~# ###.............~~~~#
#.....8.8.^...~.~~# ##...........~~.~~# #............~~~~# #..........~..~~~#
##......X8~.~~~~~# #.8.....~~.~~~~~# ##......~~.~~~~~~# #....8.~~.~~~~~~~#
#..~~.....~~~~~~~# #~.~~.~~~~~~~~~~~# #~~~~~~~~~~~~~~~~# #~~~~~~~~~~~~~~~~
############ Turn 58900 on D:1: come with me

Levels and vault maps discovered:
D:1:      nicolae_arrival_washed_ashore, layout_rooms,
          hellmonk_ecumenical_altar_run_dry, serial_shops, nicolae_shop_crystal
D:2:      layout_loops_corners, fountainhead
D:3:      layout_basic, mainiacjoe_overflow_cross_hatched,
          minmay_strange_pillars, minmay_misc_feat_room
D:4:      layout_loops_ring, serial_bayou, serial_bayou_crossing,
          serial_bayou_pond_d, serial_bayou_ford_a, serial_bayou_pond_c,
          minmay_increasing_density, uniq_blork_the_orc, uniq_ijyb
D:5:      layout_rooms, kennysheep_mini_moat, grunt_temple_overflow_diamond,
          nicolae_overflow_hidden_temple, serial_bayou_lake_a, uniq_edmund
D:6:      layout_cave_pods, uniq_maggie
D:7:      layout_gridville, minmay_temple_entry_stoned_glass, nicolae_tricolors
D:8:      layout_loops_ring, due_lair_maze_entry_diamond,
          chequers_serial_rivers_small_b
D:9:      layout_roguey, grunt_temple_overflow_cloverleaf,
          minmay_fractal_squares_diagonal_5, uniq_psyche, uniq_prince_ribbit1
D:10:     layout_basic, uniq_erolcha, uniq_fannar
D:11:     layout_loops_cross, enter_trove_6
D:12:     layout_loops_ring, gauntlet_entry_generic,
          portal_ice_cave_entry_pillars_2, hangedman_stone_soup
D:13:     layout_irregular_city, grunt_vaults_entry_fortified,
          muffindrake_ghost_dual_entry, small_statue_intersection,
          elves_outpost_lemuel, uniq_urug
D:14:     layout_rooms, hex_medium, drop_trap
D:15:     grunt_enter_depths_snipers, layout_loops_ring, minmay_door_square,
          minmay_crystal_water
Temple:   nicolae_temple_slightly_damp_pantheon
Lair:1:   layout_cave_shapes, hibernation_bobbens
Lair:2:   layout_regular_city, spider_nest_entry_a, serial_bayou_shore_b
Lair:3:   layout_cave_pods, elwin_shoals_entry_stream, grunt_megastairs_5
Lair:4:   layout_regular_city, slime_entry_1
Lair:5:   hellmonk_lair_end_abyssal_woods, layout_cave_shapes
Shoals:1: layout_shoals, uniq_roxanne
Shoals:2: layout_shoals
Shoals:3: layout_shoals, uniq_ilsuiw
Shoals:4: shoals_end_hangedman, layout_shoals, shoal_ilsuiw,
          nicolae_shoals_beach_house_on_fowls_legs, uniq_mara
Spider:1: layout_spider_delve, hangedman_spider_mandibles
Spider:2: layout_spider_delve, uniq_arachne
Spider:3: layout_spider_delve
Spider:4: hellmonk_spider_rune_endless_swarm
Orc:1:    cheibrodos_orc_guarddog, layout_caves, serial_shops,
          nicolae_shop_peninsula, gammafunk_ghost_smash
Orc:2:    grunt_orc_tribal_feast, layout_caves, minmay_orc_treasury
Elf:1:    minmay_the_grid_net [minmay_the_grid_garden,
          minmay_the_grid_medium_cups, minmay_the_grid_minigrid_small,
          minmay_the_grid_stretched_grid, minmay_the_grid_doors,
          minmay_the_grid_prize_trominoes], layout_geoelf_octagon, serial_shops,
          nicolae_shop_statue_plus, nicolae_elf_crossing_hall, uniq_jorgrun
Elf:2:    elven_hall_of_blades_hangedman_original
          [nicolae_blade_entry_crossed_weapons], layout_geoelf_diagonals,
          gammafunk_ghost_tricky_traps, drop_trap, minmay_shop_grove
Elf:3:    minmay_elf_hall, layout_geoelf_octagon
Vaults:1: hangedman_vaults_capsules, nicolae_vaults_offset_grid_hallway_4,
          ontoclasm_vaults_twist, nicolae_vaults_three_branches,
          vaults_dpeg_ring, nicolae_vaults_prndl, nicolae_vaults_house_2,
          nicolae_vaults_tetromino_Z_1, ontoclasm_vaults_spin,
          hangedman_vaults_trim, v_pattern_5, vaults_room_pools,
          layout_vaults_ring, serial_shops, shop, shop, nicolae_diamond_shop
Vaults:2: v_misc_27, v_alt_pattern_6, vaults_dpeg_encased_lava, v_misc_12,
          v_misc_5, hangedman_vaults_maws, v_pattern_1, v_misc_15,
          nicolae_vaults_theta, layout_vaults_chaotic_city, serial_shops, shop,
          uniq_norris
Vaults:3: v_misc_27, minmay_crypt_entry_simple_corners,
          hangedman_vaults_restitches, nicolae_vaults_trapezoid_lopsided_2,
          nicolae_vaults_trapezoid_lopsided_2, ontoclasm_vaults_decontamination,
          hangedman_vaults_cutoff, nicolae_vaults_octothorpe,
          hangedman_vaults_stretched_pinwheel, nicolae_vaults_wine_cellar,
          nicolae_vaults_house_1, layout_vaults_big_cross
Vaults:4: nicolae_vaults_storage_closets_3, v_misc_22, lightli_church_of_beogh,
          vaults_room_door_ring, vaults_mumra_chevron,
          nicolae_vaults_turnstiles, minmay_orc_keep,
          nicolae_vaults_closet_pinwheel_3, nicolae_vaults_two_Ls,
          nicolae_vaults_heart-shaped_vault, layout_vaults_maze_bifur
Vaults:5: uniq_saint_roka
Depths:1: layout_gridville, enter_ziggurat_f, hellmouth_2, abyss_entry,
          abandoned_shop, kennysheep_boxes, uniq_sojobo
Depths:2: grunt_forest_end_shrine, layout_cave_shapes, hangedman_geh_valley,
          grunt_pan_entry_in_and_out, okawaru_gym_becter, serial_bayou_shore_b,
          minmay_staircase_windowed_large
Depths:3: nicolae_hexawheel, layout_cave_pools, kennysheep_big_empty_room,
          grunt_hell_entry_dis_mu, rand_demon_pan_entry_3,
          minmay_room_of_horrors, minivault_16, minmay_misc_feat_hallway,
          uniq_josephina
Depths:4: grunt_zot_entry_bicorn, layout_gridlike, old_standard_altar,
          hell_entry, minmay_shop_star
Zot:1:    gammafunk_its_a_trap, layout_basic
Zot:2:    regret_index_zot_pan_timeshare, layout_gridlike
Zot:3:    dreamdust_black_sun_cult, layout_basic,
          gammafunk_ghost_wrathful_warriors,
          regret_index_zotdec_twisting_globes, uniq_vv, uniq_parghit
Zot:4:    layout_basic, grunt_ministairs_4, nicolae_rock_paper_scissors
Zot:5:    layout_cellular_growth

Skill      XL: |  1  2  3  4  5  6  7  8  9 10 11 12 13 14 15 16 17 18 19 20 21 22 23 24 25 26 27 |
---------------+----------------------------------------------------------------------------------+-----
Stealth        | 1 2 3 4 5 6 8 10 12 14 15 16 18 20 22 25 27 | 27.0
Short Blades   | 5 6 7 8 10 14 19 25 | 25.0
Dodging        | 3 7 9 10 11 13 14 15 16 19 21 | 21.6
Ranged Weapons | 3 7 8 9 10 | 10.4
Fighting       | 6 7 10 12 13 14 15 16 18 | 18.8
Evocations     | 6 9 12 13 15 16 17 18 19 | 19.0
Armour         | 5 6 |  6.9
Shields        | 4 5 6 9 10 | 10.4
Throwing       | 4 6 8 11 | 11.0
Shapeshifting  | 7 13 16 | 16.0

Action                     |  1- 3 |  4- 6 |  7- 9 | 10-12 | 13-15 | 16-18 | 19-21 | 22-24 | 25-27 || total
---------------------------+-------+-------+-------+-------+-------+-------+-------+-------+-------++-------
  Melee: Short sword       |    98 |    90 |   301 |   498 |       |       |       |     3 |       ||   990
         Punch             |     1 |       |     3 |    12 |       |       |       |       |       ||    16
         Dagger            |       |       |       |   391 |  1073 |       |       |       |       ||  1464
         Rapier            |       |       |       |       |   472 |  1233 |   453 |    53 |     3 ||  2214
         Kick              |       |       |       |       |       |    57 |       |       |   521 ||   578
         Quick blade       |       |       |       |       |       |       |  1098 |  2368 |  1399 ||  4865
   Fire: Sling             |       |       |       |     3 |     2 |       |       |       |       ||     5
  Throw: Throwing net      |       |       |       |     1 |       |     1 |     2 |       |     1 ||     5
         Boomerang         |       |       |       |       |       |    50 |    21 |     6 |     1 ||    78
 Invoke: Berserk           |     1 |     1 |     7 |    14 |    16 |    11 |     7 |     8 |     5 ||    70
         Trog's Hand       |       |       |     1 |     3 |     2 |     1 |       |     5 |     7 ||    19
         Brothers in Arms  |       |       |       |       |     6 |     2 |     3 |     3 |     6 ||    20
Ability: Evoke Invisibilit |       |       |       |       |       |     2 |     6 |     8 |    10 ||    26
  Evoke: Wand              |       |       |     4 |     4 |    16 |     9 |     5 |     2 |    14 ||    54
         Lightning rod     |       |       |       |       |       |       |     4 |       |     7 ||    11
         Sack of spiders   |       |       |       |       |       |       |     3 |     1 |     3 ||     7
         Phantom mirror    |       |       |       |       |       |       |     2 |       |     2 ||     4
         Phial of floods   |       |       |       |       |       |       |       |     1 |     2 ||     3
    Use: Scroll            |     3 |     1 |     8 |    10 |     7 |     7 |     3 |    10 |    12 ||    61
         Potion            |       |       |       |     1 |     2 |     5 |     4 |     2 |    16 ||    30
   Stab: Sleeping          |    13 |    29 |    31 |    57 |    72 |   130 |   118 |   103 |    80 ||   633
         Distracted        |       |     1 |     1 |     4 |     7 |    16 |    14 |    29 |    25 ||    97
         Paralysed         |       |       |       |     1 |     6 |       |       |       |       ||     7
         Confused          |       |       |       |     3 |     8 |       |       |       |     1 ||    12
         Held in net/web   |       |       |       |     2 |       |       |     6 |       |     1 ||     9
         Petrifying        |       |       |       |       |     1 |       |       |       |       ||     1
         Invisible         |       |       |       |       |       |     3 |    33 |    38 |    25 ||    99
 Armour: Animal skin       |     9 |       |       |       |       |       |       |       |       ||     9
         Robe              |    25 |    14 |    37 |    19 |   261 |       |       |       |       ||   356
         Steam dragon scal |       |       |    26 |   167 |    69 |       |       |       |       ||   262
         Scale mail        |       |       |       |       |    47 |   306 |   222 |   183 |     9 ||   767
         Ring mail         |       |       |       |       |       |     9 |       |       |       ||     9
         Acid dragon scale |       |       |       |       |       |       |       |       |    51 ||    51
         Skin              |       |       |       |       |       |       |       |       |   152 ||   152
  Dodge: Dodged            |    55 |    29 |   146 |   495 |   985 |   846 |   719 |   677 |   677 ||  4629
  Block: Buckler           |       |       |       |    23 |   264 |   301 |   314 |   356 |   326 ||  1584
   Form: Statue            |       |       |       |       |       |       |       |       |     1 ||     1

Table legend: (Time is in decaauts)
 A = Elapsed time spent in this place.
 B = Non-inter-level travel time spent in this place.
 C = Inter-level travel time spent in this place.
 D = Time resting spent in this place.
 E = Time spent auto-exploring this place.
 F = Levels seen in this place.
 G = Mean time per level.
                   A        B        C        D        E       F      G
               +--------+--------+--------+--------+--------+-----+--------+
         Total |  58369 |  53041 |   5328 |   7467 |  29689 |  49 | 1191.2 |
       Dungeon |  18037 |  15679 |   2358 |   1756 |   9852 |  15 | 1202.5 |
        Temple |      1 |      1 |      0 |      0 |      0 |   1 |    1.0 |
          Lair |   7234 |   6661 |    573 |    919 |   4191 |   5 | 1446.8 |
        Shoals |   3776 |   3465 |    311 |    518 |   1452 |   4 |  944.0 |
   Spider Nest |   5143 |   4701 |    442 |    901 |   2298 |   4 | 1285.8 |
  Orcish Mines |   2383 |   2051 |    332 |     88 |   1169 |   2 | 1191.5 |
   Elven Halls |   2687 |   2447 |    240 |    156 |   1590 |   3 |  895.7 |
        Vaults |   8215 |   7654 |    561 |    802 |   4215 |   5 | 1643.0 |
        Depths |   6060 |   5635 |    425 |    853 |   3599 |   4 | 1515.0 |
           Zot |   3386 |   3303 |     83 |    876 |    984 |   5 |  677.2 |
      Ice Cave |   1443 |   1443 |      0 |    594 |    337 |   1 | 1443.0 |
               +--------+--------+--------+--------+--------+-----+--------+

Top non-repeatable levels by time:
Vaults:5: 2241 daAuts
  Lair:5: 2157 daAuts
   Zot:5: 2009 daAuts
Depths:3: 1852 daAuts
Depths:4: 1811 daAuts
    D:13: 1789 daAuts
     D:9: 1593 daAuts
Spider:3: 1578 daAuts
Vaults:2: 1576 daAuts
    D:12: 1517 daAuts
Vaults:3: 1491 daAuts
     D:7: 1491 daAuts
Vaults:1: 1458 daAuts
  Lair:4: 1458 daAuts
Vaults:4: 1447 daAuts

Table legend:
 A = Kills in this place as a percentage of kills in the entire game.
 B = Kills by you in this place as a percentage of kills by you in the entire game.
 C = Kills by friends in this place as a percentage of kills by friends in the entire game.
 D = Other kills in this place as a percentage of other kills in the entire game.
 E = Experience gained in this place as a percentage of experience gained in the entire game.
 F = Experience gained in this place divided by the number of levels of this place that you have seen.
                   A       B       C       D       E      F
               +-------+-------+-------+-------+-------+----------------------
         Total | 100.0 | 100.0 | 100.0 | 100.0 | 100.0 | 22859.4
       Dungeon |  19.4 |  19.6 |   6.7 |  27.6 |   6.9 | 5165.5
          Lair |   8.4 |   7.7 |  22.7 |  12.1 |   5.2 | 11599.4
        Shoals |   6.0 |   6.1 |   8.0 |   0.0 |   5.8 | 16293.2
   Spider Nest |  11.3 |  10.9 |   0.0 |  39.7 |   8.6 | 24173.2
  Orcish Mines |   8.7 |   7.5 |  36.0 |  12.1 |   2.6 | 14729.5
   Elven Halls |   7.2 |   7.3 |   5.3 |   3.4 |   9.2 | 34231.0
        Vaults |  20.7 |  21.5 |  16.0 |   1.7 |  28.0 | 62738.2
        Depths |  10.4 |  11.1 |   0.0 |   0.0 |  17.5 | 49035.5
           Zot |   5.5 |   5.6 |   5.3 |   3.4 |  15.0 | 33498.2
      Ice Cave |   2.4 |   2.6 |   0.0 |   0.0 |   1.2 | 13288.0
               +-------+-------+-------+-------+-------+----------------------

Levels and vault maps discovered:
D:1:      nicolae_arrival_washed_ashore, layout_rooms,
          hellmonk_ecumenical_altar_run_dry, serial_shops, nicolae_shop_crystal
D:2:      layout_loops_corners, fountainhead
D:3:      layout_basic, mainiacjoe_overflow_cross_hatched,
          minmay_strange_pillars, minmay_misc_feat_room
D:4:      layout_loops_ring, serial_bayou, serial_bayou_crossing,
          serial_bayou_pond_d, serial_bayou_ford_a, serial_bayou_pond_c,
          minmay_increasing_density, uniq_blork_the_orc, uniq_ijyb
D:5:      layout_rooms, kennysheep_mini_moat, grunt_temple_overflow_diamond,
          nicolae_overflow_hidden_temple, serial_bayou_lake_a, uniq_edmund
D:6:      layout_cave_pods, uniq_maggie
D:7:      layout_gridville, minmay_temple_entry_stoned_glass, nicolae_tricolors
D:8:      layout_loops_ring, due_lair_maze_entry_diamond,
          chequers_serial_rivers_small_b
D:9:      layout_roguey, grunt_temple_overflow_cloverleaf,
          minmay_fractal_squares_diagonal_5, uniq_psyche, uniq_prince_ribbit1
D:10:     layout_basic, uniq_erolcha, uniq_fannar
D:11:     layout_loops_cross, enter_trove_6
D:12:     layout_loops_ring, gauntlet_entry_generic,
          portal_ice_cave_entry_pillars_2, hangedman_stone_soup
D:13:     layout_irregular_city, grunt_vaults_entry_fortified,
          muffindrake_ghost_dual_entry, small_statue_intersection,
          elves_outpost_lemuel, uniq_urug
D:14:     layout_rooms, hex_medium, drop_trap
D:15:     grunt_enter_depths_snipers, layout_loops_ring, minmay_door_square,
          minmay_crystal_water
Temple:   nicolae_temple_slightly_damp_pantheon
Lair:1:   layout_cave_shapes, hibernation_bobbens
Lair:2:   layout_regular_city, spider_nest_entry_a, serial_bayou_shore_b
Lair:3:   layout_cave_pods, elwin_shoals_entry_stream, grunt_megastairs_5
Lair:4:   layout_regular_city, slime_entry_1
Lair:5:   hellmonk_lair_end_abyssal_woods, layout_cave_shapes
Shoals:1: layout_shoals, uniq_roxanne
Shoals:2: layout_shoals
Shoals:3: layout_shoals, uniq_ilsuiw
Shoals:4: shoals_end_hangedman, layout_shoals, shoal_ilsuiw,
          nicolae_shoals_beach_house_on_fowls_legs, uniq_mara
Spider:1: layout_spider_delve, hangedman_spider_mandibles
Spider:2: layout_spider_delve, uniq_arachne
Spider:3: layout_spider_delve
Spider:4: hellmonk_spider_rune_endless_swarm
Orc:1:    cheibrodos_orc_guarddog, layout_caves, serial_shops,
          nicolae_shop_peninsula, gammafunk_ghost_smash
Orc:2:    grunt_orc_tribal_feast, layout_caves, minmay_orc_treasury
Elf:1:    minmay_the_grid_net [minmay_the_grid_garden,
          minmay_the_grid_medium_cups, minmay_the_grid_minigrid_small,
          minmay_the_grid_stretched_grid, minmay_the_grid_doors,
          minmay_the_grid_prize_trominoes], layout_geoelf_octagon, serial_shops,
          nicolae_shop_statue_plus, nicolae_elf_crossing_hall, uniq_jorgrun
Elf:2:    elven_hall_of_blades_hangedman_original
          [nicolae_blade_entry_crossed_weapons], layout_geoelf_diagonals,
          gammafunk_ghost_tricky_traps, drop_trap, minmay_shop_grove
Elf:3:    minmay_elf_hall, layout_geoelf_octagon
Vaults:1: hangedman_vaults_capsules, nicolae_vaults_offset_grid_hallway_4,
          ontoclasm_vaults_twist, nicolae_vaults_three_branches,
          vaults_dpeg_ring, nicolae_vaults_prndl, nicolae_vaults_house_2,
          nicolae_vaults_tetromino_Z_1, ontoclasm_vaults_spin,
          hangedman_vaults_trim, v_pattern_5, vaults_room_pools,
          layout_vaults_ring, serial_shops, shop, shop, nicolae_diamond_shop
Vaults:2: v_misc_27, v_alt_pattern_6, vaults_dpeg_encased_lava, v_misc_12,
          v_misc_5, hangedman_vaults_maws, v_pattern_1, v_misc_15,
          nicolae_vaults_theta, layout_vaults_chaotic_city, serial_shops, shop,
          uniq_norris
Vaults:3: v_misc_27, minmay_crypt_entry_simple_corners,
          hangedman_vaults_restitches, nicolae_vaults_trapezoid_lopsided_2,
          nicolae_vaults_trapezoid_lopsided_2, ontoclasm_vaults_decontamination,
          hangedman_vaults_cutoff, nicolae_vaults_octothorpe,
          hangedman_vaults_stretched_pinwheel, nicolae_vaults_wine_cellar,
          nicolae_vaults_house_1, layout_vaults_big_cross
Vaults:4: nicolae_vaults_storage_closets_3, v_misc_22, lightli_church_of_beogh,
          vaults_room_door_ring, vaults_mumra_chevron,
          nicolae_vaults_turnstiles, minmay_orc_keep,
          nicolae_vaults_closet_pinwheel_3, nicolae_vaults_two_Ls,
          nicolae_vaults_heart-shaped_vault, layout_vaults_maze_bifur
Vaults:5: uniq_saint_roka
Depths:1: layout_gridville, enter_ziggurat_f, hellmouth_2, abyss_entry,
          abandoned_shop, kennysheep_boxes, uniq_sojobo
Depths:2: grunt_forest_end_shrine, layout_cave_shapes, hangedman_geh_valley,
          grunt_pan_entry_in_and_out, okawaru_gym_becter, serial_bayou_shore_b,
          minmay_staircase_windowed_large
Depths:3: nicolae_hexawheel, layout_cave_pools, kennysheep_big_empty_room,
          grunt_hell_entry_dis_mu, rand_demon_pan_entry_3,
          minmay_room_of_horrors, minivault_16, minmay_misc_feat_hallway,
          uniq_josephina
Depths:4: grunt_zot_entry_bicorn, layout_gridlike, old_standard_altar,
          hell_entry, minmay_shop_star
Zot:1:    gammafunk_its_a_trap, layout_basic
Zot:2:    regret_index_zot_pan_timeshare, layout_gridlike
Zot:3:    dreamdust_black_sun_cult, layout_basic,
          gammafunk_ghost_wrathful_warriors,
          regret_index_zotdec_twisting_globes, uniq_vv, uniq_parghit
Zot:4:    layout_basic, grunt_ministairs_4, nicolae_rock_paper_scissors
Zot:5:    layout_cellular_growth

Action                     |  1- 3 |  4- 6 |  7- 9 | 10-12 | 13-15 | 16-18 | 19-21 | 22-24 | 25-27 || total
---------------------------+-------+-------+-------+-------+-------+-------+-------+-------+-------++-------
  Melee: Short sword       |    98 |    90 |   301 |   498 |       |       |       |     3 |       ||   990
         Punch             |     1 |       |     3 |    12 |       |       |       |       |       ||    16
         Dagger            |       |       |       |   391 |  1073 |       |       |       |       ||  1464
         Rapier            |       |       |       |       |   472 |  1233 |   453 |    53 |     3 ||  2214
         Kick              |       |       |       |       |       |    57 |       |       |   521 ||   578
         Quick blade       |       |       |       |       |       |       |  1098 |  2368 |  1399 ||  4865
   Fire: Sling             |       |       |       |     3 |     2 |       |       |       |       ||     5
  Throw: Throwing net      |       |       |       |     1 |       |     1 |     2 |       |     1 ||     5
         Boomerang         |       |       |       |       |       |    50 |    21 |     6 |     1 ||    78
 Invoke: Berserk           |     1 |     1 |     7 |    14 |    16 |    11 |     7 |     8 |     5 ||    70
         Trog's Hand       |       |       |     1 |     3 |     2 |     1 |       |     5 |     7 ||    19
         Brothers in Arms  |       |       |       |       |     6 |     2 |     3 |     3 |     6 ||    20
Ability: Evoke Invisibilit |       |       |       |       |       |     2 |     6 |     8 |    10 ||    26
  Evoke: Wand              |       |       |     4 |     4 |    16 |     9 |     5 |     2 |    14 ||    54
         Lightning rod     |       |       |       |       |       |       |     4 |       |     7 ||    11
         Sack of spiders   |       |       |       |       |       |       |     3 |     1 |     3 ||     7
         Phantom mirror    |       |       |       |       |       |       |     2 |       |     2 ||     4
         Phial of floods   |       |       |       |       |       |       |       |     1 |     2 ||     3
    Use: Scroll            |     3 |     1 |     8 |    10 |     7 |     7 |     3 |    10 |    12 ||    61
         Potion            |       |       |       |     1 |     2 |     5 |     4 |     2 |    16 ||    30
   Stab: Sleeping          |    13 |    29 |    31 |    57 |    72 |   130 |   118 |   103 |    80 ||   633
         Distracted        |       |     1 |     1 |     4 |     7 |    16 |    14 |    29 |    25 ||    97
         Paralysed         |       |       |       |     1 |     6 |       |       |       |       ||     7
         Confused          |       |       |       |     3 |     8 |       |       |       |     1 ||    12
         Held in net/web   |       |       |       |     2 |       |       |     6 |       |     1 ||     9
         Petrifying        |       |       |       |       |     1 |       |       |       |       ||     1
         Invisible         |       |       |       |       |       |     3 |    33 |    38 |    25 ||    99
 Armour: Animal skin       |     9 |       |       |       |       |       |       |       |       ||     9
         Robe              |    25 |    14 |    37 |    19 |   261 |       |       |       |       ||   356
         Steam dragon scal |       |       |    26 |   167 |    69 |       |       |       |       ||   262
         Scale mail        |       |       |       |       |    47 |   306 |   222 |   183 |     9 ||   767
         Ring mail         |       |       |       |       |       |     9 |       |       |       ||     9
         Acid dragon scale |       |       |       |       |       |       |       |       |    51 ||    51
         Skin              |       |       |       |       |       |       |       |       |   152 ||   152
  Dodge: Dodged            |    55 |    29 |   146 |   495 |   985 |   846 |   719 |   677 |   677 ||  4629
  Block: Buckler           |       |       |       |    23 |   264 |   301 |   314 |   356 |   326 ||  1584
   Form: Statue            |       |       |       |       |       |       |       |       |     1 ||     1
